% Time on Ice - SACRAMENTO BANDITS
Lines # - Real PCT - Wanted PCT - Time Play
Normal Forward
1 - 28% - 39% - 12:12
2 - 32% - 31% - 13:55
3 - 11% - 23% - 4:53
4 - 29% - 7% - 12:35
Normal Defense
1 - 35% - 41% - 15:20
2 - 32% - 33% - 13:56
3 - 33% - 26% - 14:19
4 - 0% - 0% - 0:00
PP Forward
1 - 47% - 55% - 2:03
2 - 53% - 45% - 2:21
PP Defense
1 - 33% - 55% - 1:28
2 - 67% - 45% - 2:56
PK Forward
1 - 62% - 55% - 6:11
2 - 38% - 45% - 3:44
PK Defense
1 - 46% - 55% - 4:32
2 - 54% - 45% - 5:23
PK3 Forward
1 - 0% - 55%
2 - 0% - 45%
PK3 Defense
1 - 0% - 55%
2 - 0% - 45%
44 Forward
1 - 71% - 55% - 1:25
2 - 29% - 45% - 0:34
44 Defense
1 - 71% - 55% - 1:25
2 - 29% - 45% - 0:34
Last Minute Offensive  - 0:00
Last Minute Defensive  - 0:07
Total
Forward - 60:00
Defense - 60:00
% Time on Ice - LOS ANGELES SEALS
Lines # - Real PCT - Wanted PCT - Time Play
Normal Forward
1 - 33% - 36% - 14:10
2 - 26% - 31% - 11:22
3 - 26% - 23% - 11:11
4 - 16% - 10% - 6:52
Normal Defense
1 - 14% - 36% - 6:07
2 - 35% - 31% - 15:28
3 - 27% - 23% - 11:56
4 - 23% - 10% - 10:04
PP Forward
1 - 58% - 55% - 5:45
2 - 42% - 45% - 4:10
PP Defense
1 - 53% - 55% - 5:14
2 - 47% - 45% - 4:41
PK Forward
1 - 46% - 55% - 2:02
2 - 54% - 45% - 2:22
PK Defense
1 - 48% - 55% - 2:08
2 - 52% - 45% - 2:16
PK3 Forward
1 - 0% - 55%
2 - 0% - 45%
PK3 Defense
1 - 0% - 55%
2 - 0% - 45%
44 Forward
1 - 58% - 55% - 1:09
2 - 42% - 45% - 0:50
44 Defense
1 - 58% - 55% - 1:09
2 - 42% - 45% - 0:50
Last Minute Offensive  - 0:07
Last Minute Defensive  - 0:00
Total
Forward - 60:00
Defense - 60:00
Play-by-Play 1st period 0:01 of 1st period - Aleksander Barkov wins face-off versus Nikita Kucherov in neutral zone. 0:12 of 1st period - Shot by John Carlson. 0:12 of 1st period - Stopped by Linus Ullmark without a rebound. 0:13 of 1st period - Patrice Bergeron wins face-off versus Nick Bonino in LOS ANGELES SEALS zone. 0:14 of 1st period - Shot by Max Pacioretty. 0:14 of 1st period - Stopped by Linus Ullmark without a rebound. 0:15 of 1st period - Colton Sissons wins face-off versus Dylan Strome in LOS ANGELES SEALS zone. 0:53 of 1st period - Shot by Mason Marchment. 0:53 of 1st period - Shot Misses the Net. 1:50 of 1st period - Icing by Max Pacioretty. 1:51 of 1st period - Nicolas Roy wins face-off versus Patrice Bergeron in SACRAMENTO BANDITS zone. 1:59 of 1st period - Icing by Mikhail Sergachev. 2:00 of 1st period - Nikita Kucherov wins face-off versus Patrice Bergeron in SACRAMENTO BANDITS zone. 2:26 of 1st period - Shot by Nikita Kucherov. 2:26 of 1st period - Shot Blocked by John Carlson. 2:56 of 1st period - Shot by Jakub Voracek. 2:56 of 1st period - Stopped by Andrei Vasilevskiy without a rebound. 2:57 of 1st period - Nicolas Roy wins face-off versus Christian Fischer in SACRAMENTO BANDITS zone. 3:07 of 1st period - Shot by Nicolas Roy. 3:07 of 1st period - Shot Misses the Net. 3:33 of 1st period - Icing by Niko Mikkola. 3:34 of 1st period - Christian Dvorak wins face-off versus Christian Fischer in SACRAMENTO BANDITS zone. 3:54 of 1st period - Christian Dvorak is hit by Niko Mikkola and loses puck. 4:14 of 1st period - Christian Dvorak is hit by Niko Mikkola. 5:02 of 1st period - Shot by Brad Marchand. 5:02 of 1st period - Shot Misses the Net. 5:32 of 1st period - Off-side. 5:33 of 1st period - Patrice Bergeron wins face-off versus Nicolas Roy in neutral zone. 6:10 of 1st period - Shot by Jakub Voracek. 6:10 of 1st period - Shot Misses the Net. 6:42 of 1st period - Dylan Strome is hit by Mason Marchment and loses puck. 7:55 of 1st period - Minor Penalty to Marcus Pettersson for Tripping. 7:56 of 1st period - Patrice Bergeron wins face-off versus Jakub Voracek in LOS ANGELES SEALS zone. 8:17 of 1st period - Shot by Patrice Bergeron. 8:17 of 1st period - Shot Misses the Net. 8:19 of 1st period - Shot by Brad Marchand. 8:19 of 1st period - Shot Misses the Net. 8:21 of 1st period - Shot by Patrice Bergeron. 8:21 of 1st period - Goal by Patrice Bergeron - SACRAMENTO BANDITS : 1 - LOS ANGELES SEALS : 0. 8:22 of 1st period - Christian Dvorak wins face-off versus Colton Sissons in neutral zone. 8:37 of 1st period - Shot by Mason Marchment. 8:37 of 1st period - Stopped by Linus Ullmark with a rebound. 8:46 of 1st period - Joe Pavelski is hit by Marcus Pettersson and loses puck. 9:50 of 1st period - Shot by Anze Kopitar. 9:50 of 1st period - Stopped by Linus Ullmark without a rebound. 9:51 of 1st period - Nikita Kucherov wins face-off versus Cal Clutterbuck in LOS ANGELES SEALS zone. 10:13 of 1st period - Off-side. 10:14 of 1st period - Nicolas Roy wins face-off versus Aleksander Barkov in neutral zone. 10:36 of 1st period - Icing by Brent Burns. 10:37 of 1st period - Nikita Kucherov wins face-off versus Aleksander Barkov in SACRAMENTO BANDITS zone. 10:52 of 1st period - Shot by Aleksander Barkov. 10:52 of 1st period - Stopped by Linus Ullmark with a rebound. 11:04 of 1st period - Shot by Nikita Kucherov. 11:04 of 1st period - Shot Misses the Net. 11:08 of 1st period - Shot by Gustav Nyquist. 11:08 of 1st period - Shot Misses the Net. 11:10 of 1st period - Shot by Gustav Nyquist. 11:10 of 1st period - Deflect By Nikita Kucherov. 11:10 of 1st period - Shot Blocked by Brent Burns. 11:17 of 1st period - Icing by Brad Marchand. 11:18 of 1st period - Aleksander Barkov wins face-off versus Nicolas Roy in SACRAMENTO BANDITS zone. 11:22 of 1st period - Icing by Aleksander Barkov. 11:23 of 1st period - Aleksander Barkov wins face-off versus Nicolas Roy in SACRAMENTO BANDITS zone. 11:50 of 1st period - Shot by Patrice Bergeron. 11:50 of 1st period - Shot Misses the Net. 11:52 of 1st period - Shot by Patrice Bergeron. 11:52 of 1st period - Shot Misses the Net. 12:13 of 1st period - Shot by Patrice Bergeron. 12:13 of 1st period - Stopped by Linus Ullmark without a rebound. 12:14 of 1st period - Christian Fischer wins face-off versus Nikita Kucherov in LOS ANGELES SEALS zone. 12:23 of 1st period - Off-side. 12:24 of 1st period - Dylan Strome wins face-off versus Christian Fischer in neutral zone. 12:40 of 1st period - Shot by Mikael Backlund. 12:40 of 1st period - Shot Misses the Net. 13:50 of 1st period - Shot by Nikita Kucherov. 13:50 of 1st period - Shot Misses the Net. 13:52 of 1st period - Shot by Gustav Nyquist. 13:52 of 1st period - Stopped by Andrei Vasilevskiy without a rebound. 13:53 of 1st period - Nicolas Roy wins face-off versus Aleksander Barkov in SACRAMENTO BANDITS zone. 13:53 of 1st period - Nicolas Roy is hit by Zdeno Chara. 14:03 of 1st period - Shot by Nicolas Roy. 14:03 of 1st period - Stopped by Andrei Vasilevskiy without a rebound. 14:04 of 1st period - Nicolas Roy wins face-off versus Brad Marchand in SACRAMENTO BANDITS zone. 14:11 of 1st period - Jakub Voracek is hit by Brad Marchand and loses puck. 14:23 of 1st period - Off-side. 14:24 of 1st period - Dylan Strome wins face-off versus Patrice Bergeron in neutral zone. 14:54 of 1st period - Shot by Patrice Bergeron. 14:54 of 1st period - Shot Blocked by Matthew Boldy. 14:59 of 1st period - Off-side. 15:00 of 1st period - Aleksander Barkov wins face-off versus Nikita Kucherov in neutral zone. 15:17 of 1st period - Shot by Brad Marchand. 15:17 of 1st period - Stopped by Linus Ullmark without a rebound. 15:18 of 1st period - Nicolas Roy wins face-off versus Colton Sissons in LOS ANGELES SEALS zone. 15:42 of 1st period - Shot by Jakub Voracek. 15:42 of 1st period - Deflect By Nicolas Roy. 15:42 of 1st period - Shot Misses the Net. 15:44 of 1st period - Shot by Nicolas Roy. 15:44 of 1st